[ AOE2 MATCH · #507641603 ]
UnrankedKhmer vs Slavs
Player's team · LOSS
Rival team · WIN
[ REPLAY ANALYSIS · EXTRACTED FROM THE RECORDED GAME ]
Feudal
8:49
Castle
24:49
Imperial
—
| APM avg | 34.8 |
| APM peak | 68 |
| eAPM avg | 20.3 |
| Villagers / military | 72 / 82 |
Focus
⚔️ 36.1% · 🌾 63.9%
Archer ×82
Feudal
8:56
Castle
27:53
Imperial
—
| APM avg | 63.1 |
| APM peak | 95 |
| eAPM avg | 23.2 |
| Villagers / military | 112 / 82 |
Focus
⚔️ 34.6% · 🌾 65.4%
Knight ×42 · Scout Cavalry ×34 · Militia ×4 · Mangonel ×2
Match map
Initial resources + every placement click. Lines = walls · curves = elevation contours. ◆ gold · ⬟ stone · ● berries · ✦ relic · ◌ wall gap
Your base· Open — 6t gap
所以动心任性,增敌人's base· Open — unwalled flank
Smoothed initial terrain · ◌ = detected wall gap · hover for details
Inputs per minute
— Lord_calderon - - 所以动心任性,增敌人
Build order — Lord_calderon
First 150 of 238 actions detected
| 0:01 | Queue | Villager (Male) |
| 0:01 | Queue | Villager (Male) |
| 0:03 | Build | House |
| 0:04 | Build | House |
| 0:54 | Queue | Villager (Male) |
| 0:55 | Queue | Villager (Male) |
| 0:55 | Queue | Villager (Male) |
| 0:55 | Queue | Villager (Male) |
| 1:42 | Queue | Villager (Male) |
| 1:42 | Queue | Villager (Male) |
| 2:08 | Queue | Villager (Male) |
| 2:09 | Queue | Villager (Male) |
| 2:37 | Queue | Villager (Male) |
| 2:37 | Queue | Villager (Male) |
| 2:47 | Build | Lumber Camp |
| 3:09 | Build | House |
| 3:19 | Queue | Villager (Male) |
| 3:19 | Queue | Villager (Male) |
| 3:20 | Queue | Villager (Male) |
| 3:46 | Queue | Villager (Male) |
| 3:52 | Queue | Villager (Male) |
| 4:19 | Queue | Villager (Male) |
| 4:59 | Queue | Villager (Male) |
| 5:05 | Queue | Villager (Male) |
| 5:35 | Research | Loom |
| 5:50 | Build | Mining Camp |
| 6:38 | Research | Feudal Age |
| 8:15 | Build | House |
| 8:49 | Age | Feudal Age |
| 9:01 | Build | Watch Tower |
| 9:02 | Queue | Villager (Male) |
| 9:14 | Build | Palisade Wall |
| 9:15 | Build | Palisade Wall |
| 9:20 | Build | Palisade Wall |
| 9:25 | Build | Palisade Wall |
| 9:27 | Build | Palisade Wall |
| 9:29 | Build | Palisade Wall |
| 9:34 | Build | Palisade Wall |
| 9:37 | Build | Palisade Wall |
| 9:39 | Build | Palisade Wall |
| 9:41 | Build | Palisade Wall |
| 9:44 | Build | Palisade Wall |
| 9:51 | Build | Palisade Wall |
| 9:53 | Queue | Villager (Male) |
| 10:04 | Build | Palisade Wall |
| 10:26 | Queue | Villager (Male) |
| 10:52 | Build | Watch Tower |
| 10:59 | Build | Palisade Wall |
| 10:59 | Build | Palisade Wall |
| 11:02 | Queue | Villager (Male) |
| 11:12 | Build | Palisade Wall |
| 11:15 | Build | Palisade Wall |
| 11:17 | Build | Palisade Wall |
| 11:19 | Build | House |
| 11:22 | Build | Palisade Wall |
| 11:24 | Build | Palisade Wall |
| 11:26 | Build | Palisade Wall |
| 11:28 | Build | Palisade Wall |
| 12:00 | Queue | Villager (Male) |
| 12:15 | Queue | Villager (Male) |
| 12:22 | Queue | Villager (Male) |
| 12:50 | Queue | Villager (Male) |
| 13:11 | Build | Watch Tower |
| 13:22 | Research | Double-Bit Axe |
| 13:23 | Research | Double-Bit Axe |
| 13:41 | Build | Farm |
| 13:41 | Build | Farm |
| 13:41 | Build | Farm |
| 13:42 | Build | Farm |
| 13:42 | Build | Farm |
| 13:42 | Build | Farm |
| 13:42 | Build | Farm |
| 13:43 | Build | Farm |
| 13:43 | Build | Farm |
| 13:51 | Queue | Villager (Male) |
| 13:52 | Queue | Villager (Male) |
| 13:52 | Queue | Villager (Male) |
| 14:01 | Build | Farm |
| 14:02 | Build | Farm |
| 14:02 | Build | Farm |
| 14:03 | Build | Farm |
| 14:03 | Build | Farm |
| 14:04 | Build | Farm |
| 14:04 | Build | Farm |
| 14:23 | Build | Farm |
| 14:36 | Build | Farm |
| 14:48 | Build | Farm |
| 14:55 | Build | House |
| 15:04 | Build | House |
| 15:08 | Build | Palisade Wall |
| 15:21 | Queue | Villager (Male) |
| 15:33 | Build | Watch Tower |
| 15:53 | Queue | Villager (Male) |
| 15:58 | Build | Palisade Wall |
| 16:02 | Build | Palisade Wall |
| 16:04 | Build | Palisade Wall |
| 16:06 | Build | Palisade Wall |
| 16:08 | Build | Palisade Wall |
| 16:10 | Build | Palisade Wall |
| 16:12 | Build | Palisade Wall |
| 16:26 | Queue | Villager (Male) |
| 16:43 | Queue | Villager (Male) |
| 16:46 | Build | Farm |
| 16:52 | Build | Mining Camp |
| 16:53 | Queue | Villager (Male) |
| 17:00 | Build | Watch Tower |
| 17:03 | Queue | Villager (Male) |
| 17:19 | Queue | Villager (Male) |
| 17:44 | Queue | Villager (Male) |
| 17:51 | Build | Farm |
| 17:51 | Build | Farm |
| 17:52 | Build | Farm |
| 17:56 | Build | Farm |
| 17:57 | Build | Farm |
| 18:02 | Build | Barracks |
| 18:36 | Queue | Villager (Male) |
| 18:46 | Build | House |
| 18:48 | Build | House |
| 18:57 | Queue | Villager (Male) |
| 19:01 | Build | Stable |
| 19:13 | Build | Archery Range |
| 19:37 | Build | Archery Range |
| 19:55 | Build | Archery Range |
| 19:57 | Queue | Villager (Male) |
| 20:14 | Build | House |
| 20:34 | Queue | Villager (Male) |
| 20:49 | Build | House |
| 20:52 | Build | Palisade Wall |
| 20:59 | Build | Farm |
| 21:01 | Queue | Villager (Male) |
| 21:05 | Build | Farm |
| 21:24 | Queue | Villager (Male) |
| 21:45 | Build | Blacksmith |
| 22:05 | Build | Palisade Wall |
| 22:09 | Research | Castle Age |
| 22:09 | Research | Castle Age |
| 22:43 | Research | Fletching |
| 22:43 | Research | Fletching |
| 22:43 | Research | Fletching |
| 23:09 | Queue | Villager (Male) |
| 23:12 | Queue | Archer |
| 23:12 | Queue | Archer |
| 24:04 | Queue | Archer |
| 24:05 | Queue | Archer |
| 24:09 | Research | Gold Mining |
| 24:09 | Research | Gold Mining |
| 24:10 | Research | Padded Archer Armor |
| 24:17 | Build | House |
| 24:17 | Build | House |
| 24:38 | Build | Farm |
Build order — 所以动心任性,增敌人
First 150 of 287 actions detected
| 0:00 | Queue | Villager (Male) |
| 0:01 | Queue | Villager (Male) |
| 0:02 | Build | House |
| 0:02 | Queue | Villager (Male) |
| 0:03 | Build | House |
| 0:04 | Queue | Villager (Male) |
| 1:33 | Queue | Villager (Male) |
| 1:57 | Queue | Villager (Male) |
| 2:03 | Build | Lumber Camp |
| 2:25 | Queue | Villager (Male) |
| 2:57 | Queue | Villager (Male) |
| 3:21 | Queue | Villager (Male) |
| 3:43 | Queue | Villager (Male) |
| 3:46 | Build | House |
| 4:01 | Queue | Villager (Male) |
| 4:30 | Queue | Villager (Male) |
| 4:46 | Queue | Villager (Male) |
| 5:07 | Build | Barracks |
| 5:18 | Queue | Villager (Male) |
| 5:37 | Queue | Villager (Male) |
| 5:37 | Research | Loom |
| 6:02 | Build | Palisade Wall |
| 6:46 | Research | Feudal Age |
| 6:46 | Research | Feudal Age |
| 7:15 | Queue | Militia |
| 7:15 | Queue | Militia |
| 7:18 | Build | Mining Camp |
| 7:31 | Queue | Militia |
| 8:08 | Queue | Militia |
| 8:25 | Build | Mill |
| 8:56 | Age | Feudal Age |
| 8:57 | Queue | Villager (Male) |
| 9:19 | Queue | Villager (Male) |
| 9:25 | Build | Archery Range |
| 9:32 | Build | Stable |
| 9:48 | Queue | Villager (Male) |
| 9:51 | Research | Man-at-Arms (upgrade) |
| 9:54 | Build | House |
| 9:59 | Build | Farm |
| 10:15 | Queue | Villager (Male) |
| 10:39 | Queue | Villager (Male) |
| 10:42 | Build | Farm |
| 11:36 | Queue | Villager (Male) |
| 12:37 | Build | Farm |
| 13:02 | Queue | Villager (Male) |
| 13:02 | Queue | Villager (Male) |
| 13:25 | Queue | Villager (Male) |
| 13:40 | Queue | Villager (Male) |
| 14:05 | Queue | Villager (Male) |
| 14:23 | Build | Farm |
| 14:25 | Queue | Villager (Male) |
| 14:44 | Queue | Villager (Male) |
| 15:02 | Research | Double-Bit Axe |
| 15:02 | Research | Double-Bit Axe |
| 15:28 | Queue | Villager (Male) |
| 15:40 | Queue | Villager (Male) |
| 16:01 | Build | Lumber Camp |
| 16:05 | Queue | Villager (Male) |
| 16:20 | Queue | Villager (Male) |
| 16:34 | Queue | Scout Cavalry |
| 16:35 | Queue | Villager (Male) |
| 16:54 | Build | Farm |
| 17:03 | Queue | Villager (Male) |
| 17:20 | Queue | Villager (Male) |
| 17:38 | Queue | Villager (Male) |
| 17:47 | Queue | Scout Cavalry |
| 17:47 | Queue | Scout Cavalry |
| 17:50 | Queue | Villager (Male) |
| 17:51 | Build | Blacksmith |
| 18:01 | Build | Farm |
| 18:01 | Build | Farm |
| 18:01 | Build | Farm |
| 18:01 | Build | Farm |
| 18:06 | Queue | Villager (Male) |
| 18:09 | Build | House |
| 18:15 | Build | House |
| 18:15 | Build | House |
| 18:32 | Queue | Scout Cavalry |
| 18:38 | Build | Farm |
| 18:51 | Queue | Villager (Male) |
| 18:59 | Queue | Villager (Male) |
| 19:04 | Build | Farm |
| 19:12 | Research | Town Watch |
| 19:26 | Queue | Villager (Male) |
| 19:29 | Build | Farm |
| 19:34 | Build | Farm |
| 19:34 | Build | Farm |
| 19:34 | Build | Farm |
| 19:39 | Queue | Villager (Male) |
| 19:48 | Queue | Villager (Male) |
| 20:03 | Queue | Villager (Male) |
| 20:08 | Build | Market |
| 20:29 | Research | Scale Barding Armor |
| 20:32 | Queue | Villager (Male) |
| 20:40 | Queue | Villager (Male) |
| 20:44 | Queue | Scout Cavalry |
| 20:51 | Build | House |
| 20:54 | Build | Farm |
| 20:58 | Queue | Villager (Male) |
| 21:09 | Research | Horse Collar |
| 21:13 | Build | Farm |
| 21:19 | Research | Bloodlines |
| 21:23 | Queue | Villager (Male) |
| 21:24 | Queue | Villager (Male) |
| 21:27 | Build | House |
| 21:28 | Build | House |
| 21:29 | Build | House |
| 21:31 | Queue | Villager (Male) |
| 21:32 | Build | Farm |
| 21:37 | Research | Wheelbarrow |
| 21:44 | Queue | Villager (Male) |
| 21:47 | Build | Farm |
| 21:49 | Build | Farm |
| 21:50 | Queue | Villager (Male) |
| 22:11 | Queue | Scout Cavalry |
| 22:11 | Queue | Villager (Male) |
| 22:16 | Research | Forging |
| 22:46 | Queue | Scout Cavalry |
| 22:47 | Queue | Villager (Male) |
| 22:51 | Build | Farm |
| 23:07 | Queue | Villager (Male) |
| 23:12 | Queue | Scout Cavalry |
| 23:13 | Queue | Villager (Male) |
| 23:18 | Build | Stable |
| 23:21 | Build | Farm |
| 23:24 | Build | Farm |
| 23:35 | Queue | Villager (Male) |
| 24:01 | Queue | Scout Cavalry |
| 24:02 | Queue | Villager (Male) |
| 24:10 | Build | Mill |
| 24:11 | Build | Farm |
| 24:11 | Build | Farm |
| 24:12 | Build | Farm |
| 24:12 | Build | Farm |
| 24:13 | Queue | Scout Cavalry |
| 24:13 | Queue | Scout Cavalry |
| 24:14 | Queue | Villager (Male) |
| 24:48 | Queue | Villager (Male) |
| 24:50 | Queue | Scout Cavalry |
| 24:50 | Queue | Scout Cavalry |
| 25:08 | Research | Castle Age |
| 25:08 | Research | Castle Age |
| 25:15 | Queue | Scout Cavalry |
| 25:15 | Queue | Scout Cavalry |
| 25:16 | Queue | Scout Cavalry |
| 25:39 | Build | House |
| 25:46 | Build | Mill |
| 25:47 | Queue | Villager (Male) |
| 25:51 | Queue | Scout Cavalry |
| 25:51 | Queue | Scout Cavalry |
Match timeline
| 5:07 | 所以动心任性,增敌人 · first_building Barracks |
| 6:02 | 所以动心任性,增敌人 · wall_segment Palisade Wall x1 |
| 8:49 | Lord_calderon · age_up feudal |
| 8:56 | 所以动心任性,增敌人 · age_up feudal |
| 9:14 | Lord_calderon · wall_segment Palisade Wall x1 |
| 9:15 | Lord_calderon · wall_segment Palisade Wall x2 |
| 9:20 | Lord_calderon · wall_segment Palisade Wall x2 |
| 9:25 | Lord_calderon · wall_segment Palisade Wall x1 |
| 9:25 | 所以动心任性,增敌人 · first_building Archery Range |
| 9:27 | Lord_calderon · wall_segment Palisade Wall x1 |
| 9:29 | Lord_calderon · wall_segment Palisade Wall x2 |
| 9:32 | 所以动心任性,增敌人 · first_building Stable |
| 9:34 | Lord_calderon · wall_segment Palisade Wall x1 |
| 9:37 | Lord_calderon · wall_segment Palisade Wall x1 |
| 9:39 | Lord_calderon · wall_segment Palisade Wall x5 |
| 9:41 | Lord_calderon · wall_segment Palisade Wall x2 |
| 9:44 | Lord_calderon · wall_segment Palisade Wall x1 |
| 9:51 | Lord_calderon · wall_segment Palisade Wall x1 |
| 10:04 | Lord_calderon · wall_segment Palisade Wall x1 |
| 10:59 | Lord_calderon · wall_segment Palisade Wall x1 |
| 10:59 | Lord_calderon · wall_segment Palisade Wall x1 |
| 11:12 | Lord_calderon · wall_segment Palisade Wall x1 |
| 11:15 | Lord_calderon · wall_segment Palisade Wall x1 |
| 11:17 | Lord_calderon · wall_segment Palisade Wall x1 |
| 11:22 | Lord_calderon · wall_segment Palisade Wall x1 |
| 11:24 | Lord_calderon · wall_segment Palisade Wall x1 |
| 11:26 | Lord_calderon · wall_segment Palisade Wall x1 |
| 11:28 | Lord_calderon · wall_segment Palisade Wall x1 |
| 15:08 | Lord_calderon · wall_segment Palisade Wall x1 |
| 15:58 | Lord_calderon · wall_segment Palisade Wall x1 |
| 16:02 | Lord_calderon · wall_segment Palisade Wall x1 |
| 16:04 | Lord_calderon · wall_segment Palisade Wall x1 |
| 16:06 | Lord_calderon · wall_segment Palisade Wall x1 |
| 16:08 | Lord_calderon · wall_segment Palisade Wall x1 |
| 16:10 | Lord_calderon · wall_segment Palisade Wall x1 |
| 16:12 | Lord_calderon · wall_segment Palisade Wall x1 |
| 18:02 | Lord_calderon · first_building Barracks |
| 19:01 | Lord_calderon · first_building Stable |
| 19:13 | Lord_calderon · first_building Archery Range |
| 20:52 | Lord_calderon · wall_segment Palisade Wall x11 |
| 21:16 | 所以动心任性,增敌人 · first_market_buy 100 food |
| 22:05 | Lord_calderon · wall_segment Palisade Wall x1 |
| 24:49 | Lord_calderon · age_up castle |
| 25:06 | 所以动心任性,增敌人 · first_market_sell 100 wood |
| 27:53 | 所以动心任性,增敌人 · age_up castle |
| 30:04 | 所以动心任性,增敌人 · first_building Siege Workshop |
| 37:35 | 所以动心任性,增敌人 · first_building Castle |
| 38:15 | Lord_calderon · resign |
[ AI ANALYSIS · 1 CREDIT ]
What really happened in this match?
Wolo.gg analyzes every decision: build order, eco, micro, common mistakes by bracket. Personalized analysis on WhatsApp or Discord in 30 seconds.
Civ guide
Khmer
Perfil
Jugador #2723392